 Dungeon Crawl Stone Soup version 0.31-a0-408-gb642c7f9a3 (webtiles) character file.

Game seed: 16134865874364453037

1833432 Flugkiller the Impregnable (level 25, 195/195 (210) HPs)
             Began as a Demonspawn Shapeshifter on July 29, 2023.
             Was a Follower of Uskayaw.
             Escaped with the Orb
             ... and 3 runes!
             The game lasted 01:25:03 (55143 turns).

Flugkiller the Impregnable (DsSh)                  Turns: 55143, Time: 01:25:03

HP:   195/195 (210) AC: 52    Str: 17    XL:     25   Next: 12%
MP:   37/37         EV: 19    Int: 11    God:    Uskayaw [*.....]
Gold: 3977          SH:  4    Dex: 19    Spells: 24/24 levels left

rFire   + .          .
                       - Unarmed
rCold   + . .        (shield currently unavailable)
rNeg    . . .        s - +6 gold dragon scales
rPois   +            (helmet restricted)
rElec   .            V - +4 dragonskin cloak
rCorr   .            (gloves unavailable)
SInv    .            e - +2 pair of boots
Will    ++...        P - amulet of regeneration Stlth
                     v - +5 ring of evasion
HPRegen 2.12/turn    I - +5 ring of evasion
MPRegen 0.25/turn

%: no passive effects
@: blade hands, studying 2 skills, drained
A: slimy green scales 3, icemail 2, powered by pain 3, condensation shield,
demonic willpower, demonic touch 3, horns 1, clumsy 1, regeneration 1, weak 1,
inability to drink after injury 2
0: Orb of Zot
}: 3/15 runes: serpentine, barnacled, abyssal
a: Begin Untransformation, Renounce Religion, Stomp


You escaped.
You worshipped Uskayaw.
Uskayaw was greatly pleased with you.
You had blades for hands.
You visited 9 branches of the dungeon, and saw 44 of its levels.
You visited the Abyss 2 times.
You also visited: Sewer, Bailey and Ice Cave.

You collected 6325 gold pieces.
You spent 2348 gold pieces at shops.

Inventory:

Missiles
 H - 6 throwing nets
Armour
 c - a +0 cloak of willpower
   (You took it off a draconian shifter on level 2 of the Realm of Zot)
 e - a +2 pair of boots (worn)
   (You found it on level 5 of the Dungeon)
 s - +6 gold dragon scales (worn)
   (You took it off Parghit on level 3 of the Depths)
 Q - the +2 helmet "Wese" {Str+5}
   (You found it on level 3 of the Shoals)

   Str:       It affects your strength (+5).
 V - the +4 dragonskin cloak (worn)
   (You took it off Tiamat on level 2 of the Realm of Zot)

   Avatar's Aegis: It grants the wearer a chance to resist fire, cold, poison,
   electricity, acid, and negative energy.
Jewellery
 i - a ring of see invisible
   (You found it on level 4 of the Shoals)
 m - a ring of willpower
   (You found it on level 5 of the Dungeon)
 u - the ring of Suded {Fly rC++ Slay+2}
   (You found it on level 6 of the Dungeon)

   [ring of flight]

   Slay:      It affects your accuracy & damage with ranged weapons and melee
   (+2).
   rC:        It greatly protects you from cold.
   Fly:       It grants you flight.
 v - a +5 ring of evasion (left blade hand)
   (You found it in an ice cave)
 I - a +5 ring of evasion (right blade hand)
   (You found it on level 4 of the Shoals)
 P - an amulet of regeneration (around neck)
   (You found it on level 1 of the Lair of Beasts)
 R - the amulet "Duiqoos" {Faith rC+}
   (You found it on level 3 of the Abyss)

   [amulet of faith]

   It allows you to gain divine favour quickly.
   rC:        It protects you from cold.
 Z - a ring of willpower
   (You took it off a tengu warrior on level 1 of the Depths)
Talismans
 j - a blade talisman
   (You found it on level 1 of the Dungeon)
Wands
 a - a wand of iceblast (43)
   (You took it off a hobgoblin on level 3 of the Dungeon)
 o - a wand of digging (13)
   (You found it on level 15 of the Dungeon)
 y - a wand of flame (68)
   (You found it on level 6 of the Dungeon)
 G - a wand of mindburst (29)
   (You found it on level 6 of the Dungeon)
 L - a wand of charming (14)
   (You found it on level 13 of the Dungeon)
 T - a wand of light (11)
   (You found it on level 2 of the Dungeon)
 U - a wand of polymorph (13)
   (You found it in an ice cave)
Scrolls
 g - a scroll of enchant armour
 k - 2 scrolls of butterflies
 l - 10 scrolls of fear
 p - 4 scrolls of torment
 r - 19 scrolls of identify
 t - 13 scrolls of teleportation
 E - 3 scrolls of vulnerability
 F - 6 scrolls of silence
 J - 7 scrolls of immolation
 M - 3 scrolls of revelation
 N - 7 scrolls of poison
 O - a scroll of fog
Potions
 b - 4 potions of lignification
 d - 5 potions of might
 f - 9 potions of attraction
 n - 2 potions of resistance
 q - 16 potions of curing
 w - 6 potions of heal wounds
 x - 2 potions of magic
 A - 2 potions of cancellation
 B - 4 potions of invisibility
 D - 4 potions of enlightenment
 S - 5 potions of mutation
Miscellaneous
 K - a phial of floods
   (You found it in a bailey)
 X - a phantom mirror (inert)
   (You found it in an ice cave)
 Y - a condenser vane
   (You found it on level 3 of the Abyss)


   Skills:
 - Level 20.0 Fighting
 + Level 22.2 Armour
 - Level 13.0 Dodging
 - Level 20.0 Unarmed Combat
 - Level 20.0 Invocations
 - Level 6.0 Evocations
 - Level 18.0 Shapeshifting


You had 24 spell levels left.
You didn't know any spells.
Your spell library contained the following spells:

 Spells                   Type           Power      Damage    Failure   Level
 Freeze                   Ice            0%         1d3       100%        1
 Magic Dart               Conj           0%         1d3       100%        1
 Necrotise                Necr           0%         1d4       100%        1
 Slow                     Hex            0%         N/A       100%        1
 Sting                    Tmut/Pois      0%         1d3       100%        1
 Blink                    Tloc           0%         N/A       100%        2
 Call Imp                 Summ           0%         N/A       100%        2
 Lesser Beckoning         Tloc           0%         N/A       100%        2
 Momentum Strike          Conj/Tloc      0%         3d8       100%        2
 Poisonous Vapours        Pois/Air       0%         N/A       100%        2
 Static Discharge         Conj/Air       0%         2-2/arc   100%        2
 Sublimation of Blood     Necr           0%         N/A       100%        2
 Call Canine Familiar     Summ           0%         N/A       100%        3
 Dazzling Flash           Conj/Hex       0%         N/A       100%        3
 Gell's Gravitas          Tloc           0%         N/A       100%        3
 Hailstorm                Conj/Ice       0%         3d3       100%        3
 Mephitic Cloud           Conj/Pois/Air  0%         N/A       100%        3
 Ozocubu's Armour         Ice            0%         N/A       100%        3
 Portal Projectile        Hex/Tloc       0%         N/A       100%        3
 Stone Arrow              Conj/Erth      0%         3d7       100%        3
 Summon Guardian Golem    Hex/Summ       0%         N/A       100%        3
 Teleport Other           Tloc           0%         N/A       100%        3
 Tukima's Dance           Hex            0%         N/A       100%        3
 Vampiric Draining        Necr           0%         2d6       100%        3
 Volatile Blastmotes      Fire/Tloc      0%         2d10      100%        3
 Airstrike                Air            0%         2d(0-16)  100%        4
 Animate Dead             Necr           0%         N/A       100%        4
 Iskenderun's Mystic Bla  Conj/Tloc      0%         2d3       100%        4
 Leda's Liquefaction      Hex/Erth       0%         N/A       100%        4
 Manifold Assault         Tloc           0%         N/A       100%        4
 Olgreb's Toxic Radiance  Pois           0%         N/A       100%        4
 Passage of Golubria      Tloc           0%         N/A       100%        4
 Summon Ice Beast         Ice/Summ       0%         N/A       100%        4
 Summon Lightning Spire   Summ/Air       0%         N/A       100%        4
 Agony                    Necr           0%         N/A       100%        5
 Borgnjor's Vile Clutch   Necr/Erth      0%         N/A       100%        5
 Fireball                 Conj/Fire      0%         3d3       100%        5
 Freezing Cloud           Conj/Ice/Air   0%         6-21      100%        5
 Irradiate                Conj/Tmut      0%         3d11      100%        5
 Iskenderun's Battlesphe  Conj           0%         2d6       100%        5
 Summon Forest            Summ/Tloc      0%         N/A       100%        5
 Summon Mana Viper        Hex/Summ       0%         N/A       100%        5
 Yara's Violent Unravell  Hex/Tmut       0%         3d3       100%        5
 Conjure Ball Lightning   Conj/Air       0%         3x3d6     100%        6
 Death Channel            Necr           0%         N/A       100%        6
 Dispersal                Tloc           0%         N/A       100%        6
 Eringya's Noxious Bog    Tmut/Pois      0%         4d6       100%        6
 Plasma Beam              Fire/Air       0%         2x1d10    100%        6
 Simulacrum               Ice/Necr       0%         N/A       100%        6
 Starburst                Conj/Fire      0%         6d3       100%        6
 Summon Cactus Giant      Summ           0%         N/A       100%        6
 Monstrous Menagerie      Summ           0%         N/A       100%        7
 Orb of Destruction       Conj           0%         9d5       100%        7
 Ozocubu's Refrigeration  Ice            0%         4d7       100%        7
 Spellforged Servitor     Conj/Summ      0%         N/A       100%        7
 Ignition                 Fire           0%         3d3       100%        8
 Maxwell's Capacitive Co  Air            0%         ∞         100%        8
 Polar Vortex             Ice            0%         N/A       100%        9


Dungeon Overview and Level Annotations

Branches:
Dungeon (15/15)            Temple (1/1) D:7            Lair (5/5) D:10
 Shoals (4/4) Lair:2        Snake (4/4) Lair:2        Slime (0/5) Lair:4
    Orc (2/2) D:10            Elf (0/3) Orc:2        Vaults (4/5) D:13
  Crypt (0/3) Vaults:3     Depths (4/4) D:15            Zot (5/5) Depths:4
  Sewer (visited)          Bailey (visited)           IceCv (visited)

Altars:
Ashenzari
Cheibriados
Dithmenos
Fedhas
Gozag
Hepliaklqana
Kikubaaqudgha
Makhleb
Nemelex Xobeh
Okawaru
Qazlal
Ru
Sif Muna
Trog
Uskayaw
Vehumet
Wu Jian
Xom
Yredelemnul
Jiyva

Shops:
D:5 :   Orc:1 [   Orc:2 ?((*?   Shoals:1 !:([   Shoals:4 [   Snake:2 *
Snake:4 (   Depths:3 (:[

Portals:
Hell: Lair:5 Depths:1 Depths:2 Depths:3 Depths:4
Abyss: Depths:1 Depths:3
Pandemonium: Depths:2
Ziggurat: Depths:3

Annotations:
D:2 Sigmund
D:5 2 transporters, makewrite's ghost, novice HOFi
D:12 3 runed translucent doors, OutcastIllithid's ghost, journeyman OpCj
Orc:2 exclusion: upstairs
Vaults:1 36 runed doors
Depths:3 3 runed translucent doors, exclusion: obsidian statue, Iloeme's ghost, adept DECK
Zot:4 1 runed translucent door, Jofris Vesimp's ghost, legendary GnFE
Zot:5 4 transporters, 3 runed translucent doors, Heisao's ghost, legendary TrBe


Innate Abilities, Weirdness & Mutations

You have blades for hands.
Your spellcasting is less reliable in this form.
You are incapable of wielding weapons or throwing items.
You are completely covered in slimy green scales. (AC +4, rPois)
A meltable icy envelope protects you from harm. (AC +8)
You are powered by pain.
A meltable shield of frost defends you. (SH +4)
You punish those that try to bend your will. (Will+)
Your touch may irresistibly damage your foes and sap their willpower.
You have a pair of small horns on your head.
You are clumsy. (Dex -2)
Your natural rate of healing is unusually fast.
You are weak. (Str -2)
You sometimes lose the ability to drink potions when taking damage.


Message History

(P) Snake Pit (M) Slime Pits (O) Orcish Mines (E) Elven Halls (V) Vaults (C) Crypt (U) Depths (H) Hell (Z) Zot
Where to? (Enter - D:1 @ (x,y), ? - help) HP restored.
You feel sick.
You feel sick.
You feel sick.
You feel sick.
You feel sick.
A shadow demon comes into view.
You feel sick.
You are no longer poisoned.
The shadow demon gives a loud, deep croak!
The shadow demon closely misses you.
You shred the shadow demon!!!
You kill the shadow demon!
A smoke demon comes into view.
You closely miss the smoke demon. Your headbutt misses the smoke demon.
You slice the smoke demon!! Your headbutt misses the smoke demon.
You touch the smoke demon!
You kill the smoke demon!
You can now pass through a line of other dancers.
No target in view!
(D) Dungeon (T) Temple (L) Lair (A) Shoals (P) Snake Pit (M) Slime Pits (O) Orcish Mines (E) Elven Halls (V) Vaults (C) Crypt (U) Depths (H) Hell (Z) Zot
Where to? (Enter - D:1 @ (x,y), ? - help)
There is a stone staircase leading up here.
You climb upwards.
There is a stone staircase leading down here.
There is an open door here.
There is a stone staircase leading up here.
You climb upwards.
There is a stone staircase leading down here.
There is an open door here.
Things that are here:
a +0 robe; a +0 dagger
There is an open door here.
You see here a +0 short sword.
There is a stone staircase leading up, spattered with blood here.
You climb upwards.
There is a stone staircase leading down, spattered with blood here.
There is a stone staircase leading up here.
You climb upwards.
There is a stone staircase leading down here.
An ice devil comes into view.
There is a stone staircase leading up here.
You climb upwards.
Level annotation: 2 transporters, makewrite's ghost, novice HOFi
There is a stone staircase leading down here.
(D) Dungeon (T) Temple (L) Lair (A) Shoals (P) Snake Pit (M) Slime Pits (O) Orcish Mines (E) Elven Halls (V) Vaults (C) Crypt (U) Depths (H) Hell (Z) Zot
Where to? (Enter - D:1 @ (x,y), ? - help)
There is a stone staircase leading up here.
You climb upwards.
There is a stone staircase leading down here.
You see here a +0 dagger.
A hellion comes into view.
There is a stone staircase leading up here.
You climb upwards.
There is a stone staircase leading down here.
(D) Dungeon (T) Temple (L) Lair (A) Shoals (P) Snake Pit (M) Slime Pits (O) Orcish Mines (E) Elven Halls (V) Vaults (C) Crypt (U) Depths (H) Hell (Z) Zot
Where to? (Enter - D:1 @ (x,y), ? - help)
Items here: )) [[.
There is a stone staircase leading up here.
You climb upwards.
Level annotation: Sigmund
There is a stone staircase leading down here.
Aqyfav comes into view.
An ancient lich comes into view.
The ancient lich shouts!
There is a stone staircase leading up here.
You climb upwards.
There is a stone staircase leading down here.
(D) Dungeon (T) Temple (L) Lair (A) Shoals (P) Snake Pit (M) Slime Pits (O) Orcish Mines (E) Elven Halls (V) Vaults (C) Crypt (U) Depths (H) Hell (Z) Zot
Where to? (Enter - D:1 @ (x,y), ? - help)
An Executioner and 2 large abominations come into view.
There is an open door here.
The Executioner gestures.
The Executioner seems to speed up.
The Executioner barely misses you. The Executioner closely misses you. x2
There is a staircase leading out of the dungeon here.
Enter note: gg The Executioner barely misses you.
The Executioner hits you but does no damage. x2
The Executioner closely misses you. The Executioner misses you.
The Executioner completely misses you.
The Executioner hits you but does no damage.
The Executioner misses you.
The Executioner hits you but does no damage.
You have escaped!

#######################
#......................
###########.#####################
.................................
#####..####.####.##############..
............#≈≈≈.≈≈≈#............
......#####.+.≈≈≈≈≈XX........##.#
............#≈.....≈#........+...
...#.#.####.#≈≈.@1≈≈##.......##.#
...#.#.# #.#≈.§§§.≈##.X.........
†..#.#.# #.+.≈§§≈≈.+..######.#.#
..##.#.# #.#≈≈≈.§≈≈#### #.#.#
.....#+## #.####.#### #.#.#
........# #......# #....
........# #.###### ###.#
........# #.# #.# ...###'####.#
#.#


You could see an Executioner (fast) and 2 large abominations.

Vanquished Creatures
  A pandemonium lord (Zot:5)
  5 dread liches (Zot:5)
  8 orbs of fire
  Tiamat (Zot:2)
  3 ancient liches
  A royal mummy (Depths:3)
  Parghit (Depths:3)
  3 Killer Klowns (Zot:5)
  Saint Roka (Depths:3)
  Vashnia (Snake:4)
  A curse toe (Zot:3)
  Nikola (Snake:4)
  7 golden dragons
  2 Brimstone Fiends
  A bone dragon (Zot:4)
  9 electric golems
  19 tentacled monstrosities
  26 Orb Guardians
  Asterion (Snake:4)
  A lich (Depths:4)
  2 Executioners
  2 quicksilver dragons
  4 sphinxes
  Polyphemus (Shoals:4)
  A tentacled starspawn (Abyss:3)
  2 krakens
  6 death cobs
  10 shadow dragons
  20 storm dragons
  Aizul (Snake:1)
  4 nagarajas (Snake:4)
  3 tengu reavers
  Kirke (D:13)
  7 draconian knights
  8 fire giants
  2 draconian monks
  A deep elf sorcerer (Vaults:2)
  7 draconian scorchers
  A balrug (Depths:2)
  6 frost giants
  A spectral caustic shrike (Depths:3)
  4 vault wardens
  The ghost of Omutsoge the Thaumaturge, a journeyman GnWr of Okawaru (Snake:3)
  A curse skull (Vaults:3)
  7 draconian shifters
  A spectral juggernaut (Depths:3)
  2 orc warlords
  An iron dragon (Zot:4)
  2 cacodemons
  3 ghost moths
  A ghoul (Vaults:3)
  6 draconian stormcallers
  An angel (Zot:5)
  2 spriggan defenders (Depths:1)
  3 war gargoyles
  5 formless jellyfish
  14 ironbound preservers
  5 ironbound thunderhulks
  10 draconian annihilators
  An ophan (Abyss:3)
  10 very ugly things
  14 stone giants
  2 vampire knights (Depths:1)
  15 white draconians
  10 green draconians
  13 yellow draconians
  7 spark wasps
  14 black draconians
  14 purple draconians
  18 red draconians
  A deep elf annihilator (Zot:4)
  3 dire elephants
  An eidolon (Vaults:3)
  10 ettins
  A green death (D:10)
  A blizzard demon (D:11)
  An entropy weaver (shapeshifter) (D:13)
  8 fire dragons
  A spectral quicksilver dragon (Depths:3)
  A spectral golden dragon (Depths:3)
  An entropy weaver (Vaults:4)
  2 spectral spriggans (Depths:3)
  8 merfolk javelineers
  Josephine (D:13)
  A deep elf high priest (Zot:4)
  17 merfolk impalers
  9 yaktaur captains
  3 mummy priests (Depths:3)
  8 ice dragons
  2 rakshasas (Depths:2)
  A spectral shadow dragon (Depths:3)
  5 spriggan air magi
  6 great orbs of eyes
  2 salamander tyrants (Snake:4)
  10 hydras
  2 peacekeepers
  4 ironbound frosthearts
  3 ogre magi
  3 catoblepae
  3 alligator snapping turtles
  6 vault guards
  5 merfolk avatars
  5 merfolk aquamancers
  3 spectral fire giants (Depths:3)
  26 centaur warriors
  A satyr (Shoals:4)
  17 anacondas
  15 two-headed ogres
  2 spectral frost giants (Depths:3)
  5 boulder beetles
  6 deep troll shamans
  4 deep troll earth magi
  15 naga warriors
  7 tengu warriors
  2 vampire magi
  12 death yaks
  6 spriggan berserkers
  2 sun demons
  5 shock serpents
  A spectral storm dragon (Depths:3)
  15 naga sharpshooters
  A wretched star (Abyss:3)
  8 hell knights
  3 orc high priests
  6 skysharks
  A fire crab (Lair:5)
  A salamander mystic (Snake:4)
  2 iron trolls
  A sixfirhy (Abyss:3)
  A spectral spark wasp (Depths:3)
  A spatial maelstrom (Abyss:3)
  47 deep trolls
  4 large abominations
  13 sea snakes
  A deep troll (shapeshifter) (Abyss:3)
  A flayed ghost (Vaults:1)
  3 glowing orange brains
  6 naga ritualists
  A spectral iron dragon (Depths:3)
  A death drake (Abyss:3)
  A shadow demon (D:10)
  4 orc knights (Orc:2)
  10 wizards
  8 lindwurms
  An orange crystal statue (Vaults:4)
  12 ironbound convokers
  19 harpies
  Pikel (D:7)
  8 necromancers
  3 deep elf pyromancers
  A stone giant zombie (Abyss:3)
  9 manticores
  A tengu skeleton (Vaults:4)
  2 obsidian statues
  4 fauns
  11 cyclopes
  13 salamanders
  37 ugly things
  7 orc sorcerers
  8 mana vipers
  37 moths of wrath
  13 vault sentinels
  10 elephants
  7 guardian serpents
  29 slime creatures
  8 merfolk sirens
  39 black mambas
  7 water nymphs
  A shining eye (Abyss:3)
  4 smoke demons
  23 naga magi
  An ice statue (IceCv)
  A rust devil (Depths:2)
  An elf zombie (Vaults:4)
  14 cane toads
  A hellion (Zot:5)
  3 orange demons
  2 torpor snails (Lair:4)
  5 eyes of devastation (Abyss:3)
  A tormentor (Zot:5)
  16 yaktaurs
  2 unseen horrors (D:12)
  A kobold demonologist (D:8)
  6 rime drakes
  A tengu conjurer (Depths:1)
  2 efreet (Abyss:3)
  12 komodo dragons
  A spectral glowing shapeshifter (Depths:3)
  A red devil (Lair:5)
  6 catoblepas skeletons (Abyss:3)
  5 ice devils
  2 ancient zymes (Abyss:3)
  9 guardian mummies (Depths:3)
  32 merfolk
  2 hellwings
  8 wind drakes
  A tengu simulacrum (Vaults:4)
  3 meliai (D:15)
  18 polar bears
  5 trolls
  A hornet (shapeshifter) (D:15)
  A hornet (Depths:3)
  7 raiju (Abyss:3)
  4 saltlings (Orc:2)
  18 blink frogs
  11 dream sheep
  5 snapping turtles
  Eustachio (D:3)
  A spriggan (Depths:3)
  A shadow (D:10)
  25 water elementals
  A vampire (D:11)
  8 wraiths
  36 yaks
  8 basilisks
  7 fire bats
  8 golden eyes
  5 starcursed masses (Abyss:3)
  6 wyverns
  A fire elemental (Depths:1)
  2 chaos spawn
  A redback (Vaults:4)
  A steam dragon (D:8)
  2 hogs (D:13)
  7 vampire mosquitoes
  2 wargs
  2 spatial vortices (Abyss:3)
  36 nagas
  10 water moccasins
  3 acid dragons
  5 hell hounds (Lair:5)
  2 floating eyes
  33 orc warriors
  An ice beast (D:6)
  2 sky beasts
  18 centaurs
  21 ogres
  27 wolves
  3 lemures (D:8)
  7 kobold brigands
  16 bullfrogs
  2 scorpions
  3 gnoll sergeants (D:8)
  2 small abominations (Abyss:3)
  10 earth elementals (Abyss:3)
  3 wights (D:8)
  14 killer bees
  12 howler monkeys
  3 electric eels
  A quasit (Abyss:3)
  15 hounds
  5 jellies
  4 gnoll boudas
  20 orc priests
  A sleepcap (D:6)
  4 iguanas
  18 orc wizards
  7 hell rats (Lair:3)
  14 gnolls
  A river rat (D:6)
  8 adders
  3 white imps
  2 ufetubi (Abyss:3)
  A worm (D:4)
  3 dart slugs
  110 orcs
  7 ball pythons
  8 bats
  9 endoplasms
  7 giant cockroaches
  7 goblins
  6 hobgoblins
  4 jackals (D:1)
  2 quokkas
  2 frilled lizards
  27 kobolds
  5 rats
  A butterfly (Lair:2)
  4 tentacles (Shoals:2)
1962 creatures vanquished.

Vanquished Creatures (collateral kills)
  A storm dragon (Zot:2)
1 creature vanquished.

Vanquished Creatures (others)
  Margery (Depths:3)
  A lich (Zot:4)
  A death cob (Zot:2)
  A glowing orange brain (Abyss:3)
  A wizard (Vaults:2)
  A chaos spawn (Abyss:3)
  A naga (Snake:1)
  2 starspawn tentacles (Abyss:3)
  7 tentacles
16 creatures vanquished.

Grand Total: 1979 creatures vanquished

Notes
Turn   | Place    | Note
-------+----------+-------------------------------------------
     0 | D:1      | Flugkiller the Demonspawn Shapeshifter began the quest for
                  | the Orb.
     0 | D:1      | Reached XP level 1. HP: 15/15 MP: 1/1
    69 | D:1      | Gained mutation: You are partially covered in slimy green
                  | scales. (AC +2) [demonic ancestry]
    69 | D:1      | Reached XP level 2. HP: 21/21 MP: 2/2
   969 | D:2      | Reached XP level 3. HP: 26/26 MP: 3/3
  1052 | D:2      | Noticed Sigmund
  1466 | D:3      | Gained mutation: A meltable shield of frost defends you.
                  | (SH +4) [demonic ancestry]
  1466 | D:3      | Reached XP level 4. HP: 8/33 MP: 4/4
  1569 | D:3      | Found a stormy altar of Qazlal.
  2042 | D:3      | Gained mutation: You sometimes gain a little power by
                  | taking damage. [demonic ancestry]
  2042 | D:3      | Reached XP level 5. HP: 39/39 MP: 5/5
  2429 | D:4      | Noticed Eustachio
  2494 | D:3      | Killed Eustachio
  2495 | D:3      | Gained mutation: You are mostly covered in slimy green
                  | scales. (AC +3) [demonic ancestry]
  2495 | D:3      | Reached XP level 6. HP: 17/47 MP: 6/6
  2649 | D:4      | Noticed an orc warrior
  2670 | D:4      | Killed an orc warrior
  2822 | D:4      | Reached XP level 7. HP: 44/52 MP: 7/7
  3097 | D:4      | Reached skill level 5 in Shapeshifting
  3278 | D:5      | Entered Level 5 of the Dungeon
  3283 | D:5      | Noticed makewrite's ghost (novice HOFi)
  3301 | D:5      | Got the Octavo of Spellbinding Amathomancy
  3350 | D:5      | Found Mitiomea's Book Boutique.
  3406 | D:5      | Found a basalt altar of Yredelemnul.
  3513 | D:5      | Found a transporter.
  3535 | D:5      | Found a transporter.
  3539 | D:5      | Identified the +0 leather armour of Darkness {rC+}
  3881 | D:6      | Identified the ring of Suded {Fly rC++ Slay+2}
  4039 | D:6      | Reached skill level 5 in Unarmed Combat
  4039 | D:6      | Gained mutation: A meltable icy envelope protects you from
                  | harm. (AC +8) [demonic ancestry]
  4039 | D:6      | Reached XP level 8. HP: 51/61 MP: 8/8
  4262 | D:6      | Found a glowing drain.
  4294 | Sewer    | Entered a sewer
  4483 | Sewer    | Reached skill level 5 in Fighting
  5240 | D:7      | Reached XP level 9. HP: 69/69 MP: 9/9
  5515 | D:7      | Found a burning altar of Makhleb.
  5519 | D:7      | Noticed an angel
  5520 | D:7      | Noticed a blizzard demon
  5706 | D:7      | Found a staircase to the Ecumenical Temple.
  5737 | Temple   | Entered the Ecumenical Temple
  5754 | Temple   | Became a worshipper of Uskayaw the Reveller
  5822 | D:8      | Reached * piety under Uskayaw
  5824 | D:8      | Reached ** piety under Uskayaw
  5944 | D:8      | Identified the +4 hand axe of Disintegration {heavy, rPois
                  | rC+ MP+9}
  5958 | D:8      | Reached *** piety under Uskayaw
  6373 | D:8      | Reached **** piety under Uskayaw
  6376 | D:8      | Reached ***** piety under Uskayaw
  6386 | D:8      | Reached ****** piety under Uskayaw
  6730 | D:8      | Noticed Pikel
  7018 | D:7      | Killed Pikel
  7173 | D:8      | Reached XP level 10. HP: 67/77 MP: 10/10
  7633 | D:9      | Found a sacrificial altar of Ru.
  7743 | D:9      | Reached skill level 5 in Dodging
  7874 | D:9      | Found a flagged portal.
  7997 | Bailey   | Entered a bailey
 10303 | D:9      | Noticed a two-headed ogre
 10330 | D:9      | Killed a two-headed ogre
 10331 | D:9      | Reached XP level 11. HP: 75/86 MP: 11/11
 10594 | D:9      | Identified the +1 whip "Exka Zaa" {freeze, rN+}
 10739 | D:10     | Entered Level 10 of the Dungeon
 10839 | D:10     | Found a snail-covered altar of Cheibriados.
 11385 | D:10     | Noticed a two-headed ogre
 11385 | D:10     | Noticed a two-headed ogre
 11418 | D:10     | Killed a two-headed ogre
 11529 | D:10     | Found a staircase to the Lair.
 11675 | D:10     | Found a staircase to the Orcish Mines.
 11938 | D:11     | Noticed a red ugly thing
 11946 | D:11     | Killed a red ugly thing
 12237 | D:11     | Noticed a two-headed ogre
 12250 | D:11     | Killed a two-headed ogre
 12251 | D:11     | Reached skill level 10 in Shapeshifting
 12360 | D:11     | Noticed a two-headed ogre
 12368 | D:11     | Killed a two-headed ogre
 13211 | Lair:1   | Entered Level 1 of the Lair of Beasts
 13514 | Lair:1   | Noticed a boulder beetle
 13524 | Lair:1   | Killed a boulder beetle
 13525 | Lair:1   | Reached XP level 12. HP: 86/96 MP: 12/12
 13868 | Lair:1   | Reached skill level 10 in Fighting
 14149 | Lair:2   | Found a frozen archway.
 14176 | IceCv    | Entered an ice cave
 14276 | IceCv    | Noticed a death yak
 14278 | IceCv    | Noticed a death yak
 14291 | IceCv    | Killed a death yak
 14301 | IceCv    | Killed a death yak
 14325 | IceCv    | Noticed a death yak
 14338 | IceCv    | Killed a death yak
 14343 | IceCv    | Reached skill level 10 in Unarmed Combat
 14373 | IceCv    | Found the +8 frozen axe "Frostbite" {freeze, freezing
                  | cloud, *Noise Fly rC+}
 14413 | IceCv    | Noticed a death yak
 14413 | IceCv    | Noticed a frost giant
 14413 | IceCv    | Noticed a death yak
 14423 | IceCv    | Killed a death yak
 14428 | IceCv    | Killed a death yak
 14434 | IceCv    | Killed a frost giant
 14693 | IceCv    | Reached XP level 13. HP: 106/106 MP: 13/13
 15276 | Lair:2   | Found a staircase to the Shoals.
 15476 | Lair:2   | Found a staircase to the Snake Pit.
 15587 | Lair:2   | Acquired a manual of Unarmed Combat
 15630 | Lair:3   | Reached skill level 1 in Invocations
 15932 | Lair:3   | Reached skill level 5 in Invocations
 16734 | Lair:4   | Found a shimmering altar of Xom.
 16866 | Lair:4   | Found a viscous altar of Jiyva.
 16873 | Lair:4   | Found a staircase to the Slime Pits.
 17229 | Lair:4   | Gained mutation: You are completely covered in slimy green
                  | scales. (AC +4, rPois) [demonic ancestry]
 17229 | Lair:4   | Reached XP level 14. HP: 95/114 MP: 20/20
 17526 | Lair:5   | Entered Level 5 of the Lair of Beasts
 17647 | Lair:5   | Reached skill level 10 in Invocations
 17672 | Lair:5   | Reached skill level 15 in Unarmed Combat
 18181 | D:5      | Bought a manual of Unarmed Combat for 800 gold pieces
 18983 | Lair:5   | Found a burning altar of Makhleb.
 19032 | Lair:5   | Found a gateway to Hell.
 19776 | D:12     | Found a runed translucent gate.
 19776 | D:12     | Noticed OutcastIllithid's ghost (journeyman OpCj)
 19777 | D:12     | Found a runed translucent gate.
 19778 | D:12     | Found a runed translucent gate.
 19784 | D:12     | Identified the +0 chain mail "Zahoulun" {Int+4 SInv Stlth+}
 20312 | D:12     | Identified the +7 quarterstaff "Leicuw" {flame, rC+}
 20312 | D:12     | Identified the +1 scale mail of the Bulwark {+Blink Regen+
                  | Int-4 Stlth+}
 20400 | D:13     | Noticed Kirke
 20414 | D:13     | Killed Kirke
 20457 | D:13     | Noticed Nessos
 20460 | D:13     | Nessos changed into Nessos the lindwurm
 20460 | D:13     | Noticed Nessos
 20468 | D:13     | Killed Nessos the lindwurm
 20538 | D:13     | Found a gate to the Vaults.
 20538 | D:13     | Noticed an ironbound preserver
 20581 | D:13     | Killed an ironbound preserver
 20801 | D:13     | Reached XP level 15. HP: 117/120 MP: 22/22
 20803 | D:13     | Noticed Josephine
 20808 | D:13     | Killed Josephine
 21992 | D:15     | Entered Level 15 of the Dungeon
 22622 | D:15     | Found a staircase to the Depths.
 22893 | Orc:1    | Entered Level 1 of the Orcish Mines
 22989 | Orc:2    | Entered Level 2 of the Orcish Mines
 23031 | Orc:2    | Found a staircase to the Elven Halls.
 23403 | Orc:2    | Found Tiwkurphi's Magic Scroll Emporium.
 23426 | Orc:2    | Bought a scroll of enchant armour for 90 gold pieces
 23426 | Orc:2    | Bought a scroll of blinking for 90 gold pieces
 23632 | Orc:2    | Found Vigid's Antique Weapon Shoppe.
 23663 | Orc:2    | Found Jativere's Magic Scroll Shoppe.
 23783 | Orc:2    | Found Qirr's Assorted Antiques.
 23829 | Orc:2    | Found Kuabiogu's Weapon Shoppe.
 23956 | Orc:1    | Found Houbb's Antique Armour Shop.
 24082 | Orc:1    | Bought a shimmering chain mail for 199 gold pieces
 24082 | Orc:1    | Identified the +1 chain mail "Lawif" {rPois rF+++ Regen+
                  | Stlth+} (You bought it in a shop on level 1 of the Orcish
                  | Mines)
 24082 | Orc:1    | Bought a polished ring mail for 189 gold pieces
 24082 | Orc:1    | Identified the +5 ring mail of the Wilderness {+Blink rCorr
                  | Str-3 SInv} (You bought it in a shop on level 1 of the
                  | Orcish Mines)
 24167 | Orc:2    | Bought a pitted ring mail for 216 gold pieces
 24167 | Orc:2    | Identified the +0 ring mail "Kexapuf" {Drain Str-2 Dex+7}
                  | (You bought it in a shop on level 2 of the Orcish Mines)
 24534 | Snake:1  | Entered Level 1 of the Snake Pit
 25057 | Snake:1  | Reached XP level 16. HP: 129/130 MP: 23/23
 25924 | Snake:2  | Found Wolle's Neck Hole.
 26106 | Snake:3  | Noticed Aizul
 26232 | Snake:1  | Killed Aizul
 26555 | Snake:3  | Noticed Omutsoge's ghost (journeyman GnWr)
 26955 | Snake:3  | Found a runed translucent door.
 27269 | Snake:3  | Killed Omutsoge's ghost
 28044 | Snake:4  | Entered Level 4 of the Snake Pit
 28275 | Snake:4  | Noticed Nikola
 28287 | Snake:4  | Killed Nikola
 28357 | Snake:4  | Gained mutation: Your touch may inflict minor irresistible
                  | damage on your foes. [demonic ancestry]
 28357 | Snake:4  | Reached XP level 17. HP: 125/140 MP: 24/24
 28379 | Snake:4  | Noticed Asterion
 28399 | Snake:4  | Killed Asterion
 28827 | Snake:4  | Found Peidawk's Weapon Shoppe.
 29276 | Snake:4  | Reached skill level 15 in Fighting
 29615 | Snake:4  | Noticed Vashnia
 29661 | Snake:4  | Killed Vashnia
 29777 | Snake:4  | Got a serpentine rune of Zot
 30036 | Shoals:1 | Entered Level 1 of the Shoals
 30103 | Shoals:1 | Reached skill level 15 in Shapeshifting
 30240 | Shoals:1 | Identified the +1 robe of Trumpets {Will+ SInv}
 30360 | Shoals:1 | Found Juff's Distillery.
 30372 | Shoals:1 | Bought a potion of heal wounds for 55 gold pieces
 30372 | Shoals:1 | Bought a potion of mutation for 88 gold pieces
 30372 | Shoals:1 | Bought a potion of resistance for 110 gold pieces
 30378 | Shoals:1 | Found Folycwod's Antique Weapon Emporium.
 30381 | Shoals:1 | Found Ogupoitsed's Book Shop.
 30642 | Shoals:1 | Found Atur's Antique Armour Emporium.
 30907 | Shoals:2 | Identified the +2 plate armour of Howling Wind {rN+ Str+4
                  | SInv}
 31016 | Shoals:2 | Noticed a kraken
 31028 | Shoals:2 | Killed a kraken
 31288 | Shoals:2 | Reached skill level 15 in Invocations
 31403 | Shoals:2 | Reached skill level 10 in Dodging
 31749 | Shoals:3 | Reached XP level 18. HP: 146/149 MP: 29/29
 32012 | Shoals:3 | Identified the +2 helmet "Wese" {Str+5}
 32076 | Shoals:3 | Reached skill level 1 in Evocations
 32670 | Shoals:4 | Entered Level 4 of the Shoals
 32880 | Shoals:4 | Got Sif Muna's Folio of Rotting Refrigeration
 32898 | Shoals:4 | Found Biqun's Armour Boutique.
 32963 | Shoals:4 | Noticed Polyphemus
 32973 | Shoals:4 | Reached skill level 5 in Evocations
 32978 | Shoals:4 | Killed Polyphemus
 33360 | Shoals:4 | Identified the staff of the Revolution {rF+ rN+ Conj}
 33994 | Shoals:4 | Got a barnacled rune of Zot
 34231 | Vaults:1 | Entered Level 1 of the Vaults
 34413 | Vaults:1 | Found a huge runed gate.
 34413 | Vaults:1 | Found a huge runed gate.
 34413 | Vaults:1 | Found a huge runed gate.
 34414 | Vaults:1 | Found a huge runed gate.
 34415 | Vaults:1 | Found a huge runed gate.
 34415 | Vaults:1 | Found a huge runed gate.
 34416 | Vaults:1 | Found a huge runed gate.
 34416 | Vaults:1 | Found a huge runed gate.
 34417 | Vaults:1 | Found a huge runed gate.
 34417 | Vaults:1 | Found a huge runed gate.
 34417 | Vaults:1 | Found a huge runed gate.
 34418 | Vaults:1 | Found a huge runed gate.
 34419 | Vaults:1 | Found a huge runed gate.
 34419 | Vaults:1 | Found a huge runed gate.
 34420 | Vaults:1 | Found a huge runed gate.
 34421 | Vaults:1 | Found a huge runed gate.
 34422 | Vaults:1 | Found a huge runed gate.
 34432 | Vaults:1 | Found a huge runed gate.
 34432 | Vaults:1 | Found a huge runed gate.
 34432 | Vaults:1 | Found a huge runed gate.
 34432 | Vaults:1 | Found a huge runed gate.
 34432 | Vaults:1 | Found a huge runed gate.
 34432 | Vaults:1 | Found a huge runed gate.
 34433 | Vaults:1 | Found a huge runed gate.
 34434 | Vaults:1 | Found a huge runed gate.
 34435 | Vaults:1 | Found a huge runed gate.
 34443 | Vaults:1 | Found a huge runed gate.
 34443 | Vaults:1 | Found a huge runed gate.
 34443 | Vaults:1 | Found a huge runed gate.
 34443 | Vaults:1 | Found a huge runed gate.
 34443 | Vaults:1 | Found a huge runed gate.
 34443 | Vaults:1 | Found a huge runed gate.
 34444 | Vaults:1 | Found a huge runed gate.
 34467 | Vaults:1 | Found a huge runed gate.
 34468 | Vaults:1 | Found a huge runed gate.
 34477 | Vaults:1 | Found a huge runed gate.
 34511 | Vaults:1 | Identified the +2 leather armour "Lacvokowk" {-Cast -Tele
                  | Harm Slay+4}
 34913 | Vaults:1 | Gained mutation: You sometimes gain power by taking damage.
                  | [demonic ancestry]
 34913 | Vaults:1 | Reached XP level 19. HP: 123/159 MP: 31/31
 35266 | Vaults:1 | Identified the +2 pair of boots "Nobom" {Harm Str+4}
 37209 | Vaults:2 | Got the Excursus on Brumal Anthracomancy
 37212 | Vaults:2 | Got the Parchment of the Compass
 37222 | Vaults:2 | Got the Parchment of Hyperthermia and Teratogeny
 37797 | Abyss:3  | Cast into level 3 of the Abyss (a deep elf sorcerer)
 37830 | Abyss:3  | Identified the amulet "Duiqoos" {Faith rC+}
 37995 | Vaults:2 | Escaped the Abyss
 39204 | Vaults:3 | You are sucked into a shaft and drop 1 floor!
 39298 | Vaults:4 | Gained mutation: Your touch may inflict irresistible damage
                  | on your foes. [demonic ancestry]
 39298 | Vaults:4 | Reached XP level 20. HP: 165/172 MP: 34/34
 40158 | Vaults:3 | Found a staircase to the Crypt.
 41456 | Depths:1 | Entered Level 1 of the Depths
 41714 | Depths:1 | Reached skill level 1 in Armour
 41724 | Depths:1 | Found a blossoming altar of Fedhas.
 41914 | Depths:1 | Reached skill level 2 in Armour
 42032 | Depths:1 | Reached skill level 3 in Armour
 42310 | Depths:1 | Found a one-way gate to the infinite horrors of the Abyss.
 42498 | Depths:1 | Reached skill level 4 in Armour
 42691 | Depths:2 | Reached skill level 5 in Armour
 42804 | Depths:2 | Reached skill level 6 in Armour
 42805 | Depths:2 | Reached XP level 21. HP: 127/183 MP: 35/35
 43152 | Depths:2 | Reached skill level 7 in Armour
 43331 | Depths:2 | Found a one-way gate leading to the halls of Pandemonium.
 43501 | Depths:2 | Found a hide-covered altar of Uskayaw.
 43646 | Depths:3 | Reached skill level 8 in Armour
 43675 | Depths:3 | Noticed Margery
 43713 | Depths:3 | Killed Margery
 43891 | Depths:3 | Found Numam's Weapon Shoppe.
 43891 | Depths:3 | Noticed Saint Roka
 43893 | Depths:3 | Found Sial's Book Emporium.
 43902 | Depths:3 | Found Kodeu's Armour Shoppe.
 43906 | Depths:3 | Reached skill level 9 in Armour
 43908 | Depths:3 | Killed Saint Roka
 43956 | Depths:3 | Bought a +2 cloak of preservation for 279 gold pieces
 44047 | Depths:3 | Found a shadowy altar of Dithmenos.
 44118 | Depths:3 | Found a one-way gateway to a ziggurat.
 44133 | Depths:3 | Found a runed translucent gate.
 44133 | Depths:3 | Found a runed translucent gate.
 44134 | Depths:3 | Noticed Iloeme's ghost (adept DECK)
 44134 | Depths:3 | Noticed a golden dragon
 44135 | Depths:3 | Found a runed translucent gate.
 44135 | Depths:3 | Found an opulent altar of Gozag.
 44148 | Depths:3 | You are sucked into a shaft and drop 1 floor!
 44148 | Depths:4 | Entered Level 4 of the Depths
 44161 | Depths:4 | Reached skill level 10 in Armour
 44568 | Depths:3 | Reached skill level 11 in Armour
 44729 | Depths:3 | Noticed Parghit
 44740 | Depths:3 | Killed Parghit
 44862 | Depths:3 | Gained mutation: Your spells are a little easier to cast,
                  | but a little less powerful. [a neqoxec]
 45353 | Depths:3 | Noticed a royal mummy
 45540 | Depths:3 | Killed a royal mummy
 45803 | Depths:4 | Paralysed by a floating eye for 4 turns
 46017 | Depths:4 | Noticed a golden dragon
 46021 | Depths:4 | Killed a golden dragon
 46045 | Depths:4 | Found a gate to the Realm of Zot.
 46105 | Depths:4 | Gained mutation: You are powered by pain. [demonic
                  | ancestry]
 46105 | Depths:4 | Reached XP level 22. HP: 121/190 MP: 36/36
 46273 | Depths:4 | Found a broken altar of Ashenzari.
 46916 | Depths:1 | Voluntarily entered the Abyss.
 46945 | Abyss:3  | Gained mutation: You occasionally lose the ability to read
                  | scrolls when taking damage. [a cacodemon]
 47107 | Abyss:3  | Got an abyssal rune of Zot
 47263 | Abyss:3  | Noticed an ancient lich
 47274 | Depths:1 | Escaped the Abyss
 47384 | Depths:1 | Lost mutation: Your spells are a little easier to cast, but
                  | a little less powerful. [potion of mutation]
 47384 | Depths:1 | Lost mutation: You occasionally lose the ability to read
                  | scrolls when taking damage. [potion of mutation]
 47384 | Depths:1 | Gained mutation: Armour fits poorly on your strangely
                  | shaped body. [potion of mutation]
 47384 | Depths:1 | Gained mutation: You are dopey. (Int -2) [potion of
                  | mutation]
 47384 | Depths:1 | Gained mutation: You have a pair of small horns on your
                  | head. [potion of mutation]
 47385 | Depths:1 | Lost mutation: Armour fits poorly on your strangely shaped
                  | body. [potion of mutation]
 47385 | Depths:1 | Lost mutation: You are dopey. (Int -2) [potion of mutation]
 47385 | Depths:1 | Lost mutation: You have a pair of small horns on your head.
                  | [potion of mutation]
 47385 | Depths:1 | Gained mutation: You have sharp toenails. [potion of
                  | mutation]
 47385 | Depths:1 | Gained mutation: You are frail. (-10% HP) [potion of
                  | mutation]
 47385 | Depths:1 | Gained mutation: You are agile. (Dex +4, Str/Int -1)
                  | [potion of mutation]
 47386 | Depths:1 | Lost mutation: You are frail. (-10% HP) [potion of
                  | mutation]
 47386 | Depths:1 | Lost mutation: You are agile. (Dex +4, Str/Int -1) [potion
                  | of mutation]
 47386 | Depths:1 | Lost mutation: You have sharp toenails. [potion of
                  | mutation]
 47386 | Depths:1 | Gained mutation: You have an increased reservoir of magic.
                  | (+10% MP) [potion of mutation]
 47386 | Depths:1 | Gained mutation: You have hidden genetic potential. [potion
                  | of mutation]
 47541 | Zot:1    | Entered Level 1 of the Realm of Zot
 47790 | Zot:1    | Noticed a golden dragon
 47795 | Zot:1    | Killed a golden dragon
 47931 | Zot:1    | Reached skill level 12 in Armour
 48046 | Zot:1    | Noticed a golden dragon
 48051 | Zot:1    | Killed a golden dragon
 48218 | Zot:1    | Noticed an orb of fire
 48218 | Zot:1    | Gained mutation: You are weak. (Str -2) [an orb of fire]
 48231 | Zot:1    | Killed an orb of fire
 48549 | Zot:2    | Found the +4 dragonskin cloak
 48549 | Zot:2    | Noticed Tiamat
 48743 | Zot:2    | Noticed a golden dragon
 48913 | Zot:2    | Found the +8 lance "Wyrmbane" {slay drac, rPois rF+ rC+
                  | AC+3}
 48940 | Zot:2    | Reached skill level 13 in Armour
 49157 | Zot:2    | Killed a golden dragon
 49383 | Zot:2    | Killed Tiamat
 50003 | Shoals:1 | Bought an embroidered scarf for 232 gold pieces
 50443 | Zot:3    | Gained mutation: Your touch may irresistibly damage your
                  | foes and sap their willpower. [demonic ancestry]
 50443 | Zot:3    | Reached XP level 23. HP: 196/196 MP: 40/40
 50613 | Zot:3    | Noticed an orb of fire
 50628 | Zot:3    | Killed an orb of fire
 50629 | Zot:3    | Reached skill level 14 in Armour
 50654 | Zot:3    | Gained mutation: Your natural rate of healing is unusually
                  | fast. [hidden potential]
 51042 | Zot:3    | Reached skill level 15 in Armour
 51124 | Zot:3    | Noticed a curse toe
 51132 | Zot:3    | Killed a curse toe
 51576 | Zot:4    | Reached skill level 16 in Armour
 51577 | Zot:4    | Noticed an ancient lich
 51583 | Zot:4    | Killed an ancient lich
 51611 | Zot:4    | Paralysed by a sphinx for 4 turns
 51846 | Zot:3    | Reached skill level 17 in Armour
 52480 | Zot:4    | Found a runed translucent door.
 52481 | Zot:4    | Noticed Jofris Vesimp's ghost (legendary GnFE)
 52648 | Zot:5    | Entered Level 5 of the Realm of Zot
 52649 | Zot:5    | Found a transporter.
 52649 | Zot:5    | Found a transporter.
 53018 | Zot:5    | Reached skill level 18 in Armour
 53030 | Zot:5    | Gained mutation: A meltable icy envelope protects you from
                  | harm. (AC +8) [demonic ancestry]
 53030 | Zot:5    | Reached XP level 24. HP: 184/204 MP: 40/40
 53127 | Zot:5    | Found a runed translucent gate.
 53127 | Zot:5    | Found a runed translucent gate.
 53127 | Zot:5    | Found a runed translucent gate.
 53128 | Zot:5    | Noticed Heisao's ghost (legendary TrBe)
 53163 | Zot:5    | Found a transporter.
 53185 | Zot:5    | Found a transporter.
 53450 | Zot:5    | Noticed a dread lich
 53466 | Zot:5    | Killed a dread lich
 53466 | Zot:5    | Noticed an orb of fire
 53471 | Zot:5    | Gained mutation: You have a pair of small horns on your
                  | head. [hidden potential]
 53471 | Zot:5    | Lost mutation: You have hidden genetic potential. [hidden
                  | potential expressed]
 53481 | Zot:5    | Reached skill level 19 in Armour
 53481 | Zot:5    | Killed an orb of fire
 53482 | Zot:5    | Noticed an orb of fire
 53482 | Zot:5    | Gained mutation: You are clumsy. (Dex -2) [an orb of fire]
 53488 | Zot:5    | Lost mutation: You have an increased reservoir of magic.
                  | (+10% MP) [an orb of fire]
 53495 | Zot:5    | Killed an orb of fire
 53528 | Zot:5    | Noticed a Killer Klown
 53533 | Zot:5    | Noticed an orb of fire
 53546 | Zot:5    | Killed a Killer Klown
 53554 | Zot:5    | Gained mutation: You occasionally lose the ability to drink
                  | potions when taking damage. [an orb of fire]
 53558 | Zot:5    | Killed an orb of fire
 53820 | Zot:5    | Reached skill level 20 in Armour
 53820 | Zot:5    | Noticed a Killer Klown
 53827 | Zot:5    | Noticed a Killer Klown
 53828 | Zot:5    | Noticed an orb of fire
 53833 | Zot:5    | Killed a Killer Klown
 53836 | Zot:5    | Killed an orb of fire
 53843 | Zot:5    | Killed a Killer Klown
 53859 | Zot:5    | Noticed an orb of fire
 53873 | Zot:5    | Killed an orb of fire
 53878 | Zot:5    | Noticed a dread lich
 53882 | Zot:5    | Noticed an orb of fire
 53885 | Zot:5    | Noticed a dread lich
 53887 | Zot:5    | Noticed an ancient lich
 53895 | Zot:5    | Gained mutation: You sometimes lose the ability to drink
                  | potions when taking damage. [an orb of fire]
 53897 | Zot:5    | Killed an orb of fire
 53904 | Zot:5    | Killed a dread lich
 53906 | Zot:5    | Killed an ancient lich
 53907 | Zot:5    | Reached skill level 21 in Armour
 53908 | Zot:5    | Killed a dread lich
 53925 | Zot:5    | Noticed a dread lich
 53929 | Zot:5    | Noticed an ancient lich
 53933 | Zot:5    | Killed a dread lich
 53943 | Zot:5    | Killed an ancient lich
 54409 | Zot:5    | Noticed a dread lich
 54418 | Zot:5    | Killed a dread lich
 54477 | Zot:5    | Got the Orb of Zot
 54529 | Zot:5    | Gained mutation: You punish those that try to bend your
                  | will. (Will+) [demonic ancestry]
 54529 | Zot:5    | Reached XP level 25. HP: 87/210 MP: 37/37
 54532 | Zot:5    | Noticed Dot Qam the pandemonium lord
 54569 | Zot:5    | Killed Dot Qam the pandemonium lord
 54578 | Zot:5    | Reached skill level 22 in Armour
 55098 | D:2      | Noticed Aqyfav the pandemonium lord
 55098 | D:2      | Noticed an ancient lich
 55142 | D:1      | gg
 55143 | D:$      | Escaped with the Orb!

Illustrated notes

#######################
#......................
###########.#####################
.................................
#####..####.####.##############..
............#≈≈≈.≈≈≈#............
......#####.+.≈≈≈≈≈.XX.......##.#
............#≈.....≈#........+...
...#.#.####.#≈≈.@1≈≈##.......##.#
...#.#.# #.#≈.....≈##.X.........
†..#.#.# #.+.≈≈≈≈≈.+..######.#.#
..##.#.# #.#≈≈≈.≈≈≈#### #.#.#
.....#+## #.####.#### #.#.#
........# #......# #....
........# #.###### ###.#
........# #.# #.# ...###'####.#
#.#


Turn 55142 on D:1: gg

Levels and vault maps discovered:
D:1:      ncdulo_lavacross, layout_basic
D:2:      layout_rooms, uniq_sigmund
D:3:      layout_basic, nicolae_qazlal_scattered_showers,
          kennysheep_cross_bottleneck, chequers_serial_rivers_room_a,
          roderic_roman_lattice
D:4:      layout_gridville, uniq_eustachio
D:5:      layout_cave_pools, mainiacjoe_overflow_boulevard,
          gammafunk_ghost_stat_death, serial_shops, shop
D:6:      layout_loops_ring, portal_sewer_entry_b
D:7:      layout_rooms, grunt_temple_overflow_order_and_chaos_2,
          minmay_temple_entry_offerings, chequers_serial_rivers_marsh,
          chequers_jeans, chequers_big_river, minmay_misc_feat_tiny
D:8:      lemuel_castle_with_subvaults [lemuel_castle_interior_carwin_2],
          layout_gridville, chequers_serial_rivers_micro_b,
          chequers_serial_rivers_micro_a, uniq_pikel
D:9:      layout_stronghold, nicolae_ru_great_annihilating_truth, enter_bailey_3
D:10:     kennysheep_seaside_town, layout_irregular_city,
          mainiacjoe_overflow_surrounded_room, dpeg_oklobed_lair, orc_0_dummy,
          dreamdust_mushroom_princess
D:11:     layout_loops_ring, evilmike_butchery
D:12:     layout_irregular_city, biasface_ghost_orc_armoury
D:13:     layout_irregular_city, skrybe_vaults_entry_preservation, uniq_nessos,
          uniq_kirke, uniq_josephine
D:14:     layout_roguey, elyvilon_altar_3
D:15:     grunt_enter_depths_snipers, layout_loops_ring,
          nicolae_tso_carved_into_rock
Temple:   nicolae_temple_elliptical
Lair:1:   layout_loops_ring, grunt_megastairs_1, serial_bayou_shore_a,
          lemuel_fruit_tree
Lair:2:   layout_loops_ring, elwin_shoals_entry_rooms,
          guppyfry_snake_entry_island, enter_volcano_2,
          portal_ice_cave_entry_pillars_1, lemuel_fruit_fields
Lair:3:   wad_woods_structure_01, layout_chaotic_city,
          kennysheep_catoblepas_arena
Lair:4:   layout_cave_pods, nicolae_slime_entry_field_trip, basic_altar,
          serial_bayou_shore_b
Lair:5:   evil_forest, layout_layer_cave
Shoals:1: layout_shoals, serial_shops, nicolae_shop_statue_plus,
          nicolae_shop_pleasant_corner_grove, shop, shop
Shoals:2: layout_shoals, nicolae_shoals_mertower
Shoals:3: layout_shoals, nicolae_shoals_elemental_ambush
Shoals:4: shoals_end_simple, layout_shoals, serial_shops, shop, uniq_polyphemus
Snake:1:  layout_grid_maze
Snake:2:  layout_misc_corridors, nicolae_shop_sticking_my_neck_out,
          grunt_megastairs_4
Snake:3:  layout_layer_cave, hellmonk_ghost_happy_afterlife,
          nicolae_integral_box, uniq_aizul
Snake:4:  grunt_snake_rune_serpentine_throne, layout_cave_town, serial_shops,
          shop, uniq_nikola, uniq_vashnia, uniq_asterion
Orc:1:    layout_caves, serial_shops, nicolae_square_shop
Orc:2:    hellmonk_orc_salted, layout_caves, serial_shops, shop
Vaults:1: nicolae_vaults_back_hallway, grunt_vaults_trifunnel,
          nicolae_vaults_wine_cellar, door_vault, v_misc_3,
          nicolae_vaults_little_squares_6, nicolae_vaults_turnstiles,
          vaults_room_pool, ontoclasm_vaults_ligature, v_pattern_2,
          vaults_room_corners, vaults_dpeg_cross, vaults_dpeg_ring,
          ontoclasm_vaults_fault, nicolae_vaults_house_3, layout_vaults_ring
Vaults:2: ontoclasm_vaults_shuriken, nicolae_vaults_lightning_bolt,
          nicolae_vaults_closet_pinwheel_1, nicolae_vaults_ring_of_whatevers,
          nicolae_vaults_door_testing_chamber, nicolae_vaults_library_corner,
          layout_vaults_omnigrid
Vaults:3: v_misc_5, vaults_room_grunt_arrival_checkpoint,
          nicolae_vaults_trapezoid_lopsided_1, hangedman_vaults_stagger,
          nicolae_vaults_gold_heap, minmay_crypt_entry_simple_box,
          layout_vaults_big_room
Vaults:4: vaults_room_large_hall, v_misc_22, hangedman_vaults_hat,
          nicolae_vaults_closet_pinwheel_2, nicolae_vaults_oval_intersection,
          vaults_standard_mumra_lines, hangedman_vaults_snaps,
          vaults_standard_mumra_x, hangedman_vaults_trim,
          nicolae_vaults_shelves_hall, nicolae_vaults_statue_guard,
          nicolae_vaults_cochlea, layout_vaults_omnicross
Depths:1: layout_basic, pf_hell_entry_great_geh, abyss_entry_crystal,
          minivault_11, skrybe_limestone_x, fedhas_altar_3,
          serial_bayou_shore_b, firewood_loft, grunt_megastairs_2
Depths:2: kennysheep_ogre_elephant_herders, layout_long_grid,
          rand_demon_pan_entry_5, grunt_hell_entry_dis_mu,
          nicolae_uskayaw_suspiria, minmay_staircase_bubble
Depths:3: lemuel_minitomb, layout_honeycomb, enter_ziggurat_f, pf_coc_iceberg,
          abyss_entry_small_statue_room, ebering_ghost_gozag,
          grunt_dithmenos_smoke, minmay_shop_star, uniq_margery,
          uniq_saint_roka, uniq_parghit
Depths:4: evilmike_zot_entry_hall, layout_cave_pools, hell_entry,
          nicolae_ashenzari_skybound
Zot:1:    kennysheep_spiral_hall, layout_onion_interference, lemuel_golem_globe
Zot:2:    layout_misc_corridors, zot_minivault_4, uniq_tiamat
Zot:3:    layout_gridlike, st_stairs_10
Zot:4:    hangedman_zot_vaults_quadrants, layout_onion_interference,
          ebering_ghost_inner_flame
Zot:5:    layout_gridlike, ebering_ghost_rock_garden, grunt_ministairs_1,
          hangedman_zot_diagonal_lockstep, nicolae_transporter_intersection

Skill      XL: |  1  2  3  4  5  6  7  8  9 10 11 12 13 14 15 16 17 18 19 20 21 22 23 24 25 |
---------------+----------------------------------------------------------------------------+-----
Shapeshifting  | 3 4 5 6 8 9 10 11 13 15 16 18 | 18.0
Unarmed Combat | 3 4 5 6 7 9 10 14 19 20 | 20.0
Fighting       | 2 3 4 5 6 8 9 11 13 14 15 16 18 20 | 20.0
Dodging        | 2 4 5 7 9 10 11 13 | 13.0
Invocations    | 9 10 15 17 20 | 20.0
Evocations     | 6 |  6.0
Armour         | 6 11 13 18 21 22 | 22.2

Action                     |  1- 3 |  4- 6 |  7- 9 | 10-12 | 13-15 | 16-18 | 19-21 | 22-24 | 25-27 || total
---------------------------+-------+-------+-------+-------+-------+-------+-------+-------+-------++-------
  Melee: Unarmed           |    71 |    11 |   335 |   671 |   922 |  1079 |  1098 |  1029 |    58 ||  5274
         Dagger            |    30 |    81 |       |       |       |       |       |       |       ||   111
         Punch             |     1 |     3 |    18 |    44 |   119 |   145 |   154 |   174 |     8 ||   666
         Rapier            |       |    21 |   151 |       |       |       |       |       |       ||   172
         Constrict         |       |       |       |       |       |     1 |       |       |       ||     1
         Touch             |       |       |       |       |       |   143 |   219 |   229 |     6 ||   597
         Headbutt          |       |       |       |       |       |       |       |    58 |    17 ||    75
 Invoke: Line Pass         |       |       |       |     2 |       |     1 |     3 |     2 |       ||     8
         Stomp             |       |       |       |     1 |       |     9 |     4 |     3 |       ||    17
         Grand Finale      |       |       |       |       |     1 |     1 |     8 |     7 |       ||    17
  Evoke: Wand              |       |       |     2 |    13 |     5 |     1 |       |     7 |     2 ||    30
         Phial of floods   |       |       |       |       |     1 |     1 |     1 |       |       ||     3
         Phantom mirror    |       |       |       |       |       |     1 |       |       |     1 ||     2
    Use: Scroll            |     4 |     1 |    11 |     5 |    12 |     4 |     4 |    11 |     3 ||    55
         Potion            |       |     2 |     5 |     2 |     1 |     8 |     2 |    16 |     3 ||    39
   Stab: Invisible         |       |       |     3 |       |       |       |       |       |       ||     3
         Paralysed         |       |       |     6 |    39 |    75 |   108 |   149 |   117 |     4 ||   498
         Distracted        |       |       |       |     1 |     1 |       |       |       |       ||     2
         Sleeping          |       |       |       |     2 |     2 |       |       |       |       ||     4
         Confused          |       |       |       |       |       |       |     2 |       |       ||     2
 Armour: Animal skin       |    23 |       |       |       |       |       |       |       |       ||    23
         Chain mail        |    21 |    54 |    33 |       |       |       |       |       |       ||   108
         Skin              |       |    17 |       |       |       |     2 |       |       |       ||    19
         Leather armour    |       |       |   143 |   144 |   132 |       |       |       |       ||   419
         Ring mail         |       |       |       |       |    30 |   333 |   188 |       |       ||   551
         Gold dragon scale |       |       |       |       |       |       |    79 |   522 |    35 ||   636
         Fire dragon scale |       |       |       |       |       |       |    22 |       |       ||    22
  Dodge: Dodged            |    77 |    41 |   239 |   561 |   784 |   924 |   705 |   732 |    23 ||  4086
  Block: Other             |       |    24 |    54 |   111 |   117 |   127 |    97 |    74 |     7 ||   611
   Form: Blade             |       |       |       |     1 |       |     2 |       |     1 |       ||     4
         Anaconda          |       |       |       |       |       |     2 |       |       |       ||     2
         Statue            |       |       |       |       |       |       |       |     1 |       ||     1

Table legend: (Time is in decaauts)
 A = Elapsed time spent in this place.
 B = Non-inter-level travel time spent in this place.
 C = Inter-level travel time spent in this place.
 D = Time resting spent in this place.
 E = Time spent auto-exploring this place.
 F = Levels seen in this place.
 G = Mean time per level.
                   A        B        C        D        E       F      G
               +--------+--------+--------+--------+--------+-----+--------+
         Total |  53666 |  47788 |   5878 |   8895 |  26211 |  49 | 1095.2 |
       Dungeon |  15673 |  13484 |   2189 |   2588 |   7720 |  15 | 1044.9 |
        Temple |     34 |      2 |     32 |      0 |      0 |   1 |   34.0 |
          Lair |   5509 |   4588 |    921 |    348 |   3320 |   5 | 1101.8 |
        Shoals |   3930 |   3630 |    300 |    536 |   2181 |   4 |  982.5 |
     Snake Pit |   5262 |   5054 |    208 |   1165 |   2662 |   4 | 1315.5 |
  Orcish Mines |   1467 |   1208 |    259 |    153 |    767 |   2 |  733.5 |
        Vaults |   6814 |   6017 |    797 |    692 |   4021 |   4 | 1703.5 |
        Depths |   5718 |   4875 |    843 |   1447 |   2248 |   4 | 1429.5 |
           Zot |   5910 |   5586 |    324 |   1000 |   2618 |   5 | 1182.0 |
         Abyss |    487 |    487 |      0 |      0 |      0 |   2 |  243.5 |
         Sewer |    304 |    304 |      0 |      6 |    146 |   1 |  304.0 |
        Bailey |   1797 |   1797 |      0 |    914 |    251 |   1 | 1797.0 |
      Ice Cave |    755 |    755 |      0 |     44 |    276 |   1 |  755.0 |
               +--------+--------+--------+--------+--------+-----+--------+

Top non-repeatable levels by time:
Vaults:2: 2760 daAuts
Depths:3: 2161 daAuts
  Bailey: 1797 daAuts
     D:8: 1786 daAuts
   Zot:5: 1738 daAuts
 Snake:3: 1690 daAuts
 Snake:4: 1654 daAuts
    D:10: 1650 daAuts
Vaults:1: 1464 daAuts
Depths:1: 1376 daAuts
Vaults:4: 1361 daAuts
     D:9: 1295 daAuts
  Lair:5: 1272 daAuts
    D:13: 1242 daAuts
Shoals:4: 1236 daAuts
